 Dungeon Crawl Stone Soup version 0.30-a0-965-g42e074c17a (webtiles) character file.

Game seed: 11882624499389683626

37 bearlyready the Covered (level 3, 32/32 HPs)
             Began as an Armataur Fighter on Mar 31, 2023.
             Got out of the dungeon alive.
             The game lasted 00:01:06 (343 turns).

bearlyready the Covered (Armataur Fighter)           Turns: 343, Time: 00:01:06

Health: 32/32      AC:  7    Str: 21    XL:     3   Next: 21%
Magic:  3/3        EV:  7    Int:  8    God:
Gold:   39         SH:  4    Dex: 11    Spells: 2/2 levels left

rFire   . . .      SeeInvis .    a - +0 long sword
rCold   . . .      Faith    .    c - +0 buckler
rNeg    . . .      Spirit   .    b - +0 scale mail
rPois   .          Reflect  .    (no helmet)
rElec   .          Roll     +    (no cloak)
rCorr   .                        (no gloves)
Will    .....                    (no barding) Stlth
                                 (no amulet)
HPRegen 0.25/turn                (no ring)
MPRegen 0.08/turn                (no ring)

@: no status effects
A: large, rugged brown scales 3, deformed body, armoured tail, roll, long
tongue, awkward tongue
a: no special abilities


You escaped.
You visited 1 branch of the dungeon, and saw 1 of its levels.

You collected 39 gold pieces.

Inventory:

Hand Weapons
 a - a +0 long sword (weapon)
Missiles
 e - 6 boomerangs (quivered)
 f - 2 poisoned darts
 g - 6 stones
Armour
 b - a +0 scale mail (worn)
 c - a +0 buckler (worn)
Scrolls
 h - a scroll of magic mapping {unknown}
 i - a scroll of amnesia {unknown}
 j - a scroll of vulnerability {unknown}
Potions
 d - a potion of might


   Skills:
 - Level 2.8 Fighting
 + Level 2.9 Long Blades
 - Level 3.8 Armour
 - Level 3.5 Shields


You had 2 spell levels left.
You didn't know any spells.
Your spell library was empty.

Dungeon Overview and Level Annotations

Branches:
Dungeon (1/15)

Altars:


Innate Abilities, Weirdness & Mutations

You are completely covered in rugged brown scales. (AC +3, +7% HP)
Armour fits poorly on your strangely shaped body.
You have a long armoured tail.
You roll when moving toward enemies. (Rampage)
Your long tongue fully drains potion bottles. (2x potion effects)
Your tongue gives you trouble enunciating. (1.5x scroll delay)


Message History

No target in view!
An endoplasm comes into view.
An endoplasm is nearby!
You roll towards the endoplasm!
You roll towards the endoplasm!
The endoplasm hits you but does no damage.
You hit the endoplasm.
Your tail-slap misses the endoplasm.
The endoplasm is moderately wounded.
The endoplasm closely misses you.
You hit the endoplasm.
You kill the endoplasm!
No target in view!
No target in view!
No target in view!
No target in view!
No target in view!
No target in view!
No target in view!
No target in view!
Found a stone staircase leading down.
An endoplasm comes into view.
The endoplasm quivers.
A ball python comes into view.
The ball python hisses angrily.
You block the endoplasm's attack.
You see here a +2 short sword of venom.
You slash the endoplasm!
You kill the endoplasm!
You barely miss the ball python. The ball python completely misses you.
The ball python barely misses you.
You slash the ball python!
You kill the ball python!
No target in view!
No target in view!
No target in view!
No target in view!
No target in view!
There is a staircase leading out of the dungeon here.
Are you sure you want to leave the Dungeon?
This will make you lose the game!
You have escaped!

~≈#≈~.# #.~~~≈.~~~~..# #......#
≈≈#~~.# #.~~~~.~~~~..# #......#
~≈≈≈~.# #.~~~~.~~~~..###....#.#
~###~.#####.~~~~.~~~~.........#.#
~~≈~~....##.~≈~~.~≈≈~...##....#.#
###...##.##.~≈~~.~†~~.#.##....#
######.##.P~~...~≈P.#.#######
#.##...........#.##
#........@.....#..#
##.#...........#..#
#.#.P~~...~~P....##
#.#.~≈≈~.~~≈~.....# #.
#.#.~≈≈~.~≈≈~.#...# #.
#.#.~~~~.≈~~~.#...#####.#
#...~~~~.~~~~.#.#........
###.~~~~.~~~~.#.#...###..
#.≈~~~.~~~~.#.#.#...#..


There were no monsters in sight!

Vanquished Creatures
  A dart slug (D:1)
  A ball python (D:1)
  3 bats (D:1)
  2 endoplasms (D:1)
  A giant cockroach (D:1)
  3 hobgoblins (D:1)
  10 jackals (D:1)
  A quokka (D:1)
  A frilled lizard (D:1)
  3 kobolds (D:1)
  4 rats (D:1)
30 creatures vanquished.

Notes
Turn   | Place    | Note
-------+----------+-------------------------------------------
     0 | D:1      | bearlyready the Armataur Fighter began the quest for the
                  | Orb.
     0 | D:1      | Reached XP level 1. HP: 19/19 MP: 1/1
   117 | D:1      | Reached XP level 2. HP: 26/26 MP: 2/2
   242 | D:1      | Reached XP level 3. HP: 32/32 MP: 3/3
   343 | D:$      | Got out of the dungeon alive.

Illustrated notes

Levels and vault maps discovered:
D:1:      giann_bridges, layout_basic, hex_medium, minmay_crystal_water

Skill      XL: |  1 |
---------------+----+-----
Long Blades    | 2 |  2.9
Fighting       | |  2.8
Armour         | |  3.8
Shields        | |  3.5

Action                     || total
---------------------------++-------
  Melee: Long sword        ||    73
         Tailslap          ||     6
 Armour: Scale mail        ||    54
  Dodge: Dodged            ||    54
  Block: Buckler           ||    16

Table legend: (Time is in decaauts)
 A = Elapsed time spent in this place.
 B = Non-inter-level travel time spent in this place.
 C = Inter-level travel time spent in this place.
 D = Time resting spent in this place.
 E = Time spent auto-exploring this place.
 F = Levels seen in this place.
 G = Mean time per level.
                   A        B        C        D        E       F      G
               +--------+--------+--------+--------+--------+-----+--------+
         Total |    364 |    345 |     19 |      0 |    192 |   1 |  364.0 |
       Dungeon |    364 |    345 |     19 |      0 |    192 |   1 |  364.0 |
               +--------+--------+--------+--------+--------+-----+--------+

Top non-repeatable levels by time:
     D:1: 364 daAuts
